 Dungeon Crawl Stone Soup version 0.21.1-1-g345015fe64 (webtiles) character file.

758 Bubo the Poker (level 7, -12/61 HPs)
             Began as a Minotaur Fighter on June 3, 2018.
             Was a Believer of Yredelemnul.
             Killed by divine providence
             ... invoked by an orc priest
              (15 damage)
             ... on level 4 of the Dungeon.
             The game lasted 00:33:30 (3281 turns).

Bubo the Poker (Minotaur Fighter)                   Turns: 3281, Time: 00:33:31

Health: -12/61     AC:  9    Str: 22    XL:     7   Next: 50%
Magic:  6/6        EV:  5    Int:  5    God:    Yredelemnul [**....]
Gold:   186        SH: 10    Dex: 13    Spells: 6/6 levels left

rFire    . . .     SeeInvis .   p - +1 trident (venom)
rCold    . . .     Gourm    .   c - +0 shield
rNeg     . . .     Faith    .   g - +0 plate armour
rPois    .         Spirit   .   (helmet restricted)
rElec    .         Reflect  .   (no cloak)
rCorr    .         Harm     .   (no gloves)
MR       .....                  (no boots)
Stlth    ..........             y - amulet of inaccuracy
HPRegen  0.20/turn              e - -3 ring of protection
MPRegen  0.10/turn              h - +3 ring of dexterity

@: no status effects
A: retaliatory headbutt, hooves 1, horns 2
a: Animate Remains, Recall Undead Slaves, Injury Mirror, Renounce Religion


You were on level 4 of the Dungeon.
You worshipped Yredelemnul.
Yredelemnul was pleased with you.
You were very hungry.

You visited 1 branch of the dungeon, and saw 4 of its levels.

You collected 186 gold pieces.

Inventory:

Hand Weapons
 p - a +1 trident of venom (weapon)
 x - a +0 flail of crushing
Armour
 c - a +0 shield (worn)
 g - a +0 plate armour (worn)
Jewellery
 e - a -3 ring of protection (left hand)
 h - a +3 ring of dexterity (right hand)
 y - an amulet of inaccuracy (around neck)
Wands
 i - a wand of enslavement (15)
 q - a wand of polymorph (16)
Scrolls
 f - 2 scrolls of teleportation
 k - 2 scrolls of fog
 l - 2 scrolls of magic mapping
Potions
 a - a potion of lignification
 b - a potion of brilliance
 d - a potion of might
 j - 3 potions of flight
 m - a potion of haste {unknown}
 o - a potion of cancellation
Books
 n - a book of Changes

   Spells                             Type                      Level
   a - Beastly Appendage              Transmutation                1
   b - Sticks to Snakes               Transmutation                2
   c - Spider Form                    Transmutation/Poison         3
   d - Ice Form                       Ice/Transmutation            4
   e - Blade Hands                    Transmutation                5
Comestibles
 u - 4 rations


   Skills:
 + Level 5.2 Fighting
   Level 2.5(4.6) Axes
 + Level 6.1(6.3) Polearms
 + Level 6.1 Armour
 + Level 1.0 Dodging
 + Level 5.6 Shields


You had 6 spell levels left.
You didn't know any spells.

Dungeon Overview and Level Annotations

Branches:
Dungeon (4/15)
 Temple: D:4-7

Altars:
Gozag
Qazlal
Yredelemnul


Innate Abilities, Weirdness & Mutations

You reflexively headbutt those who attack you in melee.
You have a pair of horns on your head.
You have large cloven feet.


Message History

An orc priest comes into view. It is wielding a club.
Things that are here:
a whip; an orc corpse The orc priest shouts!
You puncture the orc!
You kill the orc!
Yredelemnul accepts your kill. The orc barely misses you.
Things that are here:
a flail; an orc corpse The orc barely misses you.
You block the orc's attack.
The orc priest invokes the aid of Beogh against you.
Beogh smites you!
* * * LOW HITPOINT WARNING * * *
The orc hits you but does no damage.
The orc priest mumbles some strange prayers to Beogh against you.
Beogh smites you!
You die...
Your body rises from the dead as a mindless zombie.

#.# #....†..# #.#
#.#######
#.####.##
#.......#######
#.####......>..
#.# ##.######. #.#
#.# #.# #.# #@#
#.######.### #.#
#..........o
#.########.#.#.)..
#.o..# #.# # #
#.oo.#####.#.#
#...))o......#
#.....#######..#
#.....# ### ..#
#.....# ### .o#


You could see an orc priest and an orc.

Vanquished Creatures
  A centaur (D:3)
  2 scorpions (D:4)
  A howler monkey (D:4)
  2 orc priests
  3 orc wizards
  Natasha (thrice) (D:2)
  5 worker ants
  A hound skeleton (D:2)
  Robin (D:2)
  5 adders
  An ooze (D:1)
  An adder skeleton (D:4)
  5 worms
  2 dart slugs (D:1)
  16 orcs
  5 giant cockroaches
  15 goblins
  9 hobgoblins
  5 jackals (D:4)
  9 kobolds
  2 quokkas (D:4)
  5 bats
  5 frilled lizards
  12 rats
116 creatures vanquished.

Notes
Turn   | Place    | Note
-------+----------+-------------------------------------------
     0 | D:1      | Bubo the Minotaur Fighter began the quest for the Orb.
     0 | D:1      | Reached XP level 1. HP: 19/19 MP: 0/0
    96 | D:1      | Reached XP level 2. HP: 25/27 MP: 1/1
   565 | D:1      | Reached skill level 1 in Polearms
   600 | D:1      | Reached XP level 3. HP: 30/33 MP: 2/2
  1357 | D:2      | Found a basalt altar of Yredelemnul.
  1368 | D:2      | Became a worshipper of Yredelemnul the Dark
  1631 | D:2      | Reached XP level 4. HP: 40/40 MP: 3/3
  1698 | D:2      | Noticed Natasha
  1713 | D:2      | Killed Natasha
  1798 | D:2      | Noticed Natasha
  1804 | D:2      | Killed Natasha
  1810 | D:2      | Noticed Robin
  1813 | D:2      | Killed Robin
  1813 | D:2      | Reached * piety under Yredelemnul
  1813 | D:2      | Reached XP level 5. HP: 41/47 MP: 4/4
  1822 | D:2      | Noticed Natasha
  1837 | D:2      | Killed Natasha
  2219 | D:3      | Found a stormy altar of Qazlal.
  2517 | D:3      | Noticed a centaur
  2526 | D:3      | Reached skill level 5 in Shields
  2528 | D:3      | Reached ** piety under Yredelemnul
  2530 | D:3      | Reached XP level 6. HP: 22/53 MP: 5/5
  2540 | D:3      | Reached skill level 5 in Armour
  2540 | D:3      | Reached skill level 1 in Dodging
  2675 | D:4      | Reached skill level 5 in Fighting
  2759 | D:4      | Gained mutation: You tend to lose your temper in combat. [potion of mutation]
  2759 | D:4      | Lost mutation: You tend to lose your temper in combat. [potion of mutation]
  2759 | D:4      | Gained mutation: You have large cloven feet. [potion of mutation]
  2901 | D:4      | Reached XP level 7. HP: 28/61 MP: 6/6
  3029 | D:4      | Reached skill level 5 in Polearms
  3258 | D:4      | Found an opulent altar of Gozag.
  3279 | D:4      | HP: 2/61 [orc priest/divine providence (11)]
  3281 | D:4      | Killed from afar by an orc priest

Skill      XL: |  1  2  3  4  5  6  7 |
---------------+----------------------+-----
Shields        | 4 5 |  5.6
Fighting       | 4 5 |  5.2
Polearms       | 1 2 3 4 6 |  6.1
Armour         | 4 5 6 |  6.1
Dodging        | 1 |  1.0
Axes           | |  2.5

Action                   |  1- 3 |  4- 6 |  7- 9 || total
-------------------------+-------+-------+-------++-------
Melee: Spear             |   114 |     1 |       ||   115
       Headbutt          |    23 |    25 |    11 ||    59
       Trident           |       |   146 |    73 ||   219
       Kick              |       |     6 |    11 ||    17
Evoke: Wand              |       |     1 |       ||     1
  Use: Scroll            |       |     7 |       ||     7
       Potion            |       |     7 |       ||     7
  Eat: Ration            |     1 |     1 |       ||     2
Armor: Scale mail        |    18 |       |       ||    18
       Plate armour      |     8 |    94 |    36 ||   138
Dodge: Dodged            |    23 |    33 |    12 ||    68
Block: Shield            |    42 |    83 |    41 ||   166
